Map: Triton LE

Players

licemer - Winner!

  • Race: Terran Terran
  • League: Master
  • Spawn Location: 11:00

Mez

  • Race: Terran Terran
  • League: Master
  • Spawn Location: 5:00

VOD

Have the link to the VOD?

Description

Time

  • Played on: Aug. 24, 2019, 5:05 p.m.
  • Length: 9:38
Show
View Real Time Build Order
Export as new Build Order

licemer Terran - Winner!

Build Orders:  

Get SALT Encoding   

  12  0:00  SCV  
  13  0:12  SCV  
  14  0:17  Supply Depot  
  14  0:25  SCV  
  15  0:32  Refinery  
  15  0:39  SCV  
  16  0:44  Barracks  
  16  0:51  SCV  
  16  0:55  Refinery  
  17  1:03  SCV  
  18  1:15  SCV  
  19  1:31  Orbital Command, Reaper  
  20  1:36  Factory  
  20  1:51  Supply Depot  
  20  1:57  SCV  
  21  2:03  Reaper  
  22  2:09  SCV  
  23  2:20  Hellion  
  23  2:21  SCV  
  26  2:26  Command Center  
  26  2:33  SCV  
  26  2:36  Reaper  
  28  2:41  Supply Depot  
  28  2:44  Hellion  
  28  2:45  SCV  
  31  2:52  Starport  
  31  3:07  Factory Tech Lab  
  31  3:08  Barracks Reactor  
  31  3:16  SCV  
  32  3:28  Cyclone  
  32  3:29  Starport Tech Lab  
  32  3:30  SCV  
  36  3:37  Refinery  
  35  3:46  SCV, Orbital Command  
  35  3:47  Marine x2  
  38  3:49  Raven  
  40  3:58  SCV  
  41  4:05  Marine x2  
  39  4:10  Siege Tank  
  39  4:13  SCV x2  
  44  4:23  Marine  
  45  4:25  SCV x2  
  45  4:26  Command Center  
  48  4:36  Raven  
  48  4:37  SCV  
  51  4:39  SCV, Supply Depot  
  51  4:49  SCV  
  51  4:51  SCV, Refinery  
  53  4:58  Barracks  
  51  5:00  Barracks  
  51  5:01  SCV  
  51  5:03  SCV  
  51  5:07  Marine x2  
  53  5:13  SCV  
  56  5:15  SCV  
  56  5:18  Siege Tank  
  60  5:23  Supply Depot  
  60  5:26  SCV  
  60  5:27  SCV  
  62  5:36  Engineering Bay  
  62  5:37  Engineering Bay  
  62  5:38  SCV  
  62  5:39  SCV  
  66  5:45  Orbital Command  
  66  5:46  Supply Depot  
  64  5:50  Barracks Reactor x2  
  64  5:51  Siege Tank  
  64  5:53  SCV  
  64  5:54  SCV  
  69  6:00  Marine  
  69  6:01  Stimpack  
  70  6:07  Barracks  
  70  6:08  Barracks  
  69  6:17  SCV  
  69  6:18  SCV  
  71  6:21  Orbital Command  
  71  6:23  Terran Infantry Armor Level 1, Terran Infantry Weapons Level 1  
  71  6:28  Marine x2  
  71  6:29  Marine x3  
  71  6:30  Siege Tank, Medivac  
  80  6:38  Supply Depot x2  
  80  6:46  Marine  
  81  6:51  SCV x2  
  83  6:57  Marine x4  
  87  7:02  Siege Tank, Medivac  
  87  7:03  Medivac  
  87  7:04  Marine, Barracks Reactor x2  
  87  7:06  SCV x3  
  98  7:19  SCV x2  
  100  7:23  SCV  
  100  7:28  Marine x5  
  105  7:31  SCV x2, Supply Depot  
  105  7:32  Supply Depot  
  105  7:35  SCV  
  108  7:43  SCV  
  109  7:44  Refinery  
  109  7:49  Combat Shield  
  109  7:53  Marine x3, Siege Tank, SCV x2, Viking x2  
  109  7:54  Supply Depot  
  109  7:55  Marine x4, Supply Depot  
  125  8:00  Supply Depot  
  125  8:03  Supply Depot  
  125  8:13  SCV  
  125  8:16  Marine x2, SCV x2  
  122  8:34  Marine x7  
  116  8:35  Siege Tank, Viking  
  116  8:36  Viking  
  128  8:43  SCV  
  128  8:44  SCV x2  
  128  8:46  Marine x2  
  128  8:48  Refinery  
  133  8:53  Armory  
  133  8:54  Marine x3  
  133  8:55  Marine x3  
Show
View Real Time Build Order
Export as new Build Order

Mez Terran 

Build Orders: Cyclone Opening 

Get SALT Encoding   

  12  0:00  SCV  
  13  0:12  SCV  
  14  0:17  Supply Depot  
  14  0:25  SCV  
  15  0:34  Refinery  
  15  0:38  SCV  
  16  0:45  Barracks  
  16  0:50  SCV  
  17  1:04  SCV  
  18  1:16  SCV  
  20  1:33  Reaper  
  20  1:34  Orbital Command  
  20  1:43  Command Center  
  20  1:54  Factory  
  20  2:00  SCV  
  21  2:05  Supply Depot  
  21  2:12  SCV  
  22  2:17  Barracks Reactor  
  22  2:22  Refinery  
  22  2:24  SCV  
  23  2:36  SCV  
  24  2:38  Factory Tech Lab  
  24  2:49  SCV  
  25  2:55  Marine x2  
  25  2:56  Orbital Command  
  25  2:57  Cyclone  
  30  3:04  SCV  
  31  3:13  Marine x2, Starport, Refinery  
  31  3:19  SCV  
  34  3:22  SCV  
  35  3:30  Cyclone  
  35  3:31  SCV  
  39  3:34  SCV  
  39  3:43  SCV  
  39  3:46  SCV  
  39  3:47  Marine x2  
  43  3:50  Supply Depot  
  43  3:51  Starport Tech Lab  
  43  3:55  SCV  
  43  3:58  SCV  
  45  4:07  SCV  
  46  4:12  SCV  
  46  4:16  Raven  
  49  4:17  Siege Tank  
  49  4:18  Marine x2  
  49  4:22  Supply Depot  
  54  4:24  Supply Depot  
  54  4:29  SCV x2  
  56  4:43  Marine x2  
  58  4:46  SCV x2  
  58  4:47  Command Center  
  60  4:54  Supply Depot  
  60  4:55  Supply Depot  
  60  4:59  SCV x2  
  62  5:00  Raven  
  62  5:04  Siege Tank  
  67  5:11  SCV x2  
  69  5:23  SCV x2  
  69  5:24  Barracks  
  69  5:25  Barracks, Supply Depot  
  71  5:34  Refinery  
  71  5:35  SCV x2  
  73  5:39  Siege Tank  
  76  5:47  SCV x2  
  78  5:50  Engineering Bay x2  
  78  5:59  SCV  
  78  6:01  Stimpack  
  79  6:09  Marine  
  80  6:13  Medivac  
  80  6:14  Medivac  
  80  6:16  SCV x2  
  86  6:22  Barracks Reactor x2  
  86  6:23  Terran Infantry Weapons Level 1  
  86  6:24  Terran Infantry Armor Level 1  
  86  6:26  Supply Depot  
  86  6:27  Supply Depot, Orbital Command  
  86  6:28  SCV  
  86  6:30  Marine  
  88  6:33  SCV  
  89  6:40  SCV  
  87  6:53  Marine  
  88  6:54  Siege Tank  
  88  6:56  SCV x3  
  88  6:57  Barracks  
  88  6:58  Barracks  
  88  7:00  Refinery  
  88  7:01  Refinery  
  91  7:04  Marine x4  
  91  7:08  SCV x3, Supply Depot  
  98  7:10  Marine  
  98  7:12  Supply Depot  
  99  7:22  Marine x4  
  103  7:25  Medivac x2  
  103  7:28  SCV x2  
  109  7:39  Marine x2  
  109  7:40  Marine, SCV x3  
  115  7:45  Marine x2  
  115  7:46  Barracks Reactor  
  115  7:47  Barracks Reactor  
  115  7:51  Supply Depot  
  117  7:52  Supply Depot  
  117  7:57  Marine x3  
  120  7:58  Command Center  
  120  7:59  Siege Tank  
  120  8:03  Marine x2, Armory  
  125  8:06  Factory  
  125  8:15  Marine x2  
  124  8:33  Marine  
  124  8:34  Marine x8  
  107  8:37  Siege Tank, Medivac  
  107  8:38  Medivac  
  114  8:51  Marine x5  
  114  8:52  Marine x2, Factory Tech Lab  
  121  9:07  Marine  
  124  9:16  Missile Turret  
  124  9:18  Missile Turret  
  124  9:19  Missile Turret  
Tags
 
Add a new tag
Caveats
  • Supply blocks, unpowered buildings, or Contaminate may cause inaccurate times.
  • Supply counts are checked every 10 seconds.